3AAA
SUNSET DISTRICT FOG @ PURE MICHIGAN GREAT LAKERS
09/13/2030
 
TOP OF THE 1ST
Sunset District Fog batting - Pitching for Pure Michigan Great Lakers : RHP José Juárez
Pitching: RHP José Juárez
Batting: SHB Orlando Villa 0-0: SINGLE (Groundball, 56D)
Batting: RHB Yehonatan Chazan 0-0: Called Strike
0-1: Ball
1-1: Called Strike
1-2: Strikes out looking
Batting: RHB Colin O'Connell 0-0: Ball
1-0: Ball
2-0: Foul Ball, location: 2F
2-1: Ball
3-1: Swinging Strike
3-2: SINGLE (Groundball, 6MD)
Orlando Villa to second
Orlando Villa to third
Batting: RHB Alfonso Nazario 0-0: Ball
1-0: Called Strike
1-1: Ball
2-1: Fly out, F7 (Flyball, 7S)
Runner from 3rd tags up, OUT at HOME
Top of the 1st over - 0 runs, 2 hits, 0 errors, 1 left on base; Sunset District 0 - Pure Michigan 0
BOTTOM OF THE 1ST
Pure Michigan Great Lakers batting - Pitching for Sunset District Fog : RHP Brian Walker
Pitching: RHP Brian Walker
Batting: LHB Yoichibei Sato 0-0: Ball
1-0: Called Strike
1-1: Called Strike
1-2: Ground out 4-3 (Groundball, 34)
Batting: RHB Martín Alejadre 0-0: Fly out, F7 (Flyball, 78M)
Batting: LHB Josh Platt 0-0: Ball
1-0: Ground out 4-3 (Groundball, 4S)
Bottom of the 1st over - 0 runs, 0 hits, 0 errors, 0 left on base; Sunset District 0 - Pure Michigan 0
TOP OF THE 2ND
Sunset District Fog batting - Pitching for Pure Michigan Great Lakers : RHP José Juárez
Batting: LHB Armando Carmona 0-0: Called Strike
0-1: Ground out 5-3 (Groundball, 5)
Batting: RHB Jud Regan 0-0: Ball
1-0: Swinging Strike
1-1: Fly out, F4 (Line Drive, 34)
Batting: SHB José Rico 0-0: Ball
1-0: Foul Ball, location: 2F
1-1: Ball
2-1: Swinging Strike
2-2: SINGLE (Line Drive, 6MD)
Batting: SHB José Ángel 0-0: Called Strike
0-1: Ball
1-1: Swinging Strike
1-2: Strikes out swinging
Top of the 2nd over - 0 runs, 1 hit, 0 errors, 1 left on base; Sunset District 0 - Pure Michigan 0
BOTTOM OF THE 2ND
Pure Michigan Great Lakers batting - Pitching for Sunset District Fog : RHP Brian Walker
Batting: LHB Bartolo Benítez 0-0: Called Strike
0-1: Fly out, F9 (Flyball, 9LSF)
Batting: RHB Kenneth Noid 0-0: Ball
1-0: SINGLE (Groundball, 6MD)
Batting: LHB Floyd Long 0-0: Ball
1-0: Ball
2-0: Foul Ball, location: 2F
2-1: Foul Ball, location: 2F
2-2: Ball
3-2: Grounds into double play, 4-6-3 (Groundball, 4)
Bottom of the 2nd over - 0 runs, 1 hit, 0 errors, 0 left on base; Sunset District 0 - Pure Michigan 0
TOP OF THE 3RD
Sunset District Fog batting - Pitching for Pure Michigan Great Lakers : RHP José Juárez
Batting: SHB Esteban Lugo 0-0: Called Strike
0-1: Called Strike
0-2: Strikes out swinging
Batting: SHB Orlando Villa 0-0: Called Strike
0-1: Ball
1-1: Called Strike
1-2: Ball
2-2: Ball
3-2: Fly out, F8 (Flyball, 8RD)
Batting: RHB Yehonatan Chazan 0-0: Ball
1-0: Called Strike
1-1: Called Strike
1-2: Ball
2-2: Strikes out swinging
Top of the 3rd over - 0 runs, 0 hits, 0 errors, 0 left on base; Sunset District 0 - Pure Michigan 0
BOTTOM OF THE 3RD
Pure Michigan Great Lakers batting - Pitching for Sunset District Fog : RHP Brian Walker
Batting: RHB Zong-yuan Fung 0-0: Swinging Strike
0-1: Ball
1-1: Ball
2-1: Swinging Strike
2-2: Foul Ball, location: 2F
2-2: SINGLE (Groundball, 56D)
Batting: LHB César Muńóz 0-0: Called Strike
0-1: Fly out, F8 (Flyball, 8RD)
Batting: RHB Ramiro Gonzáles 0-0: Ball
1-0: Ball
2-0: 2-RUN HOME RUN (Flyball, 7D), Distance : 384 ft
Batting: LHB Yoichibei Sato 0-0: Ball
1-0: Ball
2-0: Ball
3-0: Called Strike
3-1: Ball
Batting: RHB Martín Alejadre 0-0: Ball
1-0: Called Strike
1-1: Ball
2-1: Foul Ball, location: 2F
2-2: Grounds into double play, 4-6-3 (Groundball, 4M)
Bottom of the 3rd over - 2 runs, 2 hits, 0 errors, 0 left on base; Sunset District 0 - Pure Michigan 2
TOP OF THE 4TH
Sunset District Fog batting - Pitching for Pure Michigan Great Lakers : RHP José Juárez
Batting: RHB Colin O'Connell 0-0: Swinging Strike
0-1: Ball
1-1: Foul Ball, location: 2F
1-2: Fly out, F8 (Flyball, 78M)
Batting: RHB Alfonso Nazario 0-0: Foul Ball, location: 2F
0-1: Fly out, F7 (Line Drive, 78M)
Batting: LHB Armando Carmona 0-0: Called Strike
0-1: Ball
1-1: Ball
2-1: SINGLE (Line Drive, 5L)
Batting: RHB Jud Regan 0-0: Called Strike
Armando Carmona steals 2nd base
0-1: Ball
1-1: Foul Ball, location: 2F
1-2: SINGLE (Groundball, 56D)
Armando Carmona to third
Runner from 3rd tries for Home, SAFE, no throw
Batting: SHB José Rico 0-0: Foul Ball, location: 2F
Pickoff Throw to First - Error! E1
Jud Regan to second
0-1: Ball
1-1: Foul Ball, location: 2F
1-2: Ball
2-2: Ball
3-2: Foul Ball, location: 2F
3-2: Foul Ball, location: 2F
3-2: Ground out 4-3 (Groundball, 4)
Top of the 4th over - 1 run, 2 hits, 1 error, 1 left on base; Sunset District 1 - Pure Michigan 2
BOTTOM OF THE 4TH
Pure Michigan Great Lakers batting - Pitching for Sunset District Fog : RHP Brian Walker
Batting: LHB Josh Platt 0-0: Called Strike
0-1: Called Strike
0-2: Ball
1-2: Ball
2-2: Ball
3-2: Hit by Pitch
Batting: LHB Bartolo Benítez 0-0: Ball
1-0: Foul Ball, location: 2F
1-1: Grounds into double play, 4-6-3 (Groundball, 4)
Batting: RHB Kenneth Noid 0-0: Ball
1-0: Called Strike
1-1: Foul Ball, location: 2F
1-2: SINGLE (Groundball, 6D)
Batting: LHB Floyd Long 0-0: Ball
1-0: Ball
2-0: Foul Ball, location: 2F
2-1: Swinging Strike
2-2: Ball
3-2: Fly out, F8 (Flyball, 8LD)
Bottom of the 4th over - 0 runs, 1 hit, 0 errors, 1 left on base; Sunset District 1 - Pure Michigan 2
TOP OF THE 5TH
Sunset District Fog batting - Pitching for Pure Michigan Great Lakers : RHP José Juárez
Batting: SHB José Ángel 0-0: Called Strike
0-1: Called Strike
Error on foul ball, E2
0-2: Foul Ball, location: 2F
0-2: Fly out, F7 (Flyball, 7LM)
Batting: SHB Esteban Lugo 0-0: Foul Ball, location: 2F
0-1: Foul Ball, location: 2F
0-2: Ball
1-2: Foul Ball, location: 2F
1-2: Foul Ball, location: 2F
1-2: Ball
2-2: Ball
3-2: Ground out 5-3 (Groundball, 5)
Batting: SHB Orlando Villa 0-0: Called Strike
0-1: Foul Ball, location: 2F
0-2: Fly out, F7 (Flyball, 7S)
Top of the 5th over - 0 runs, 0 hits, 1 error, 0 left on base; Sunset District 1 - Pure Michigan 2
BOTTOM OF THE 5TH
Pure Michigan Great Lakers batting - Pitching for Sunset District Fog : RHP Brian Walker
Batting: RHB Zong-yuan Fung 0-0: Foul Ball, location: 2F
0-1: Ball
1-1: Ball
2-1: Fly out, F1 (Line Drive, 15)
Pitching: RHP Artie Best
Batting: LHB César Muńóz 0-0: Ground out U3 (Groundball, 3)
Batting: RHB Ramiro Gonzáles 0-0: Called Strike
0-1: Ball
1-1: Ball
2-1: Foul Ball, location: 2F
2-2: Ground out 6-3 (Groundball, 6)
Bottom of the 5th over - 0 runs, 0 hits, 0 errors, 0 left on base; Sunset District 1 - Pure Michigan 2
TOP OF THE 6TH
Sunset District Fog batting - Pitching for Pure Michigan Great Lakers : RHP José Juárez
Batting: RHB Yehonatan Chazan 0-0: Called Strike
0-1: Foul Ball, location: 2F
0-2: Strikes out swinging
Batting: RHB Colin O'Connell 0-0: Ball
1-0: Foul Ball, location: 2F
1-1: Called Strike
1-2: Foul Ball, location: 2F
1-2: Hit by Pitch
Batting: RHB Alfonso Nazario 0-0: Ball
1-0: Ball
2-0: Ball
3-0: Called Strike
3-1: Foul Ball, location: 2F
3-2: Strikes out swinging
Batting: LHB Armando Carmona 0-0: Ball
1-0: Swinging Strike
1-1: Ball
2-1: Swinging Strike
2-2: Ball
3-2: Foul Ball, location: 2F
3-2: Strikes out looking
Top of the 6th over - 0 runs, 0 hits, 0 errors, 1 left on base; Sunset District 1 - Pure Michigan 2
BOTTOM OF THE 6TH
Pure Michigan Great Lakers batting - Pitching for Sunset District Fog : RHP Artie Best
Batting: LHB Yoichibei Sato 0-0: Swinging Strike
0-1: Ball
1-1: Foul Ball, location: 2F
1-2: Strikes out looking
Batting: RHB Martín Alejadre 0-0: Ball
1-0: Ball
2-0: Foul Ball, location: 2F
2-1: Swinging Strike
2-2: Strikes out looking
Batting: LHB Josh Platt 0-0: Fly out, F7 (Line Drive, 7D)
Bottom of the 6th over - 0 runs, 0 hits, 0 errors, 0 left on base; Sunset District 1 - Pure Michigan 2
TOP OF THE 7TH
Sunset District Fog batting - Pitching for Pure Michigan Great Lakers : RHP José Juárez
Batting: RHB Jud Regan 0-0: Ball
1-0: Ball
2-0: Ball
3-0: Called Strike
3-1: Ground out 1-3 (Groundball, P)
Batting: SHB José Rico 0-0: Ball
1-0: Ground out 5-3 (Groundball, 56)
Batting: SHB José Ángel 0-0: Ball
1-0: Called Strike
1-1: Ball
2-1: Foul Ball, location: 2F
2-2: SINGLE (Line Drive, 8RS)
Batting: SHB Esteban Lugo 0-0: Ball
1-0: SINGLE (Groundball, 25) (infield hit)
José Ángel to second
Pitching: RHP José López
Batting: SHB Orlando Villa 0-0: Ball
1-0: Ball
2-0: Ball
3-0: Base on Balls
José Ángel to third
Esteban Lugo to second
Batting: RHB Yehonatan Chazan 0-0: Called Strike
0-1: Ground out 4-3 (Groundball, 4)
Top of the 7th over - 0 runs, 2 hits, 0 errors, 3 left on base; Sunset District 1 - Pure Michigan 2
BOTTOM OF THE 7TH
Pure Michigan Great Lakers batting - Pitching for Sunset District Fog : RHP Artie Best
Batting: LHB Bartolo Benítez 0-0: Foul Ball, location: 2F
0-1: SINGLE (Groundball, 5D)
Pinch Runner at 1st Jesús Román:
Batting: RHB Kenneth Noid 0-0: Called Strike
0-1: Ball
1-1: Foul Ball, location: 2F
1-2: Strikes out swinging
Batting: LHB Floyd Long 0-0: Ball
Jesús Román steals 2nd base
1-0: Ball
2-0: Ball
3-0: Called Strike
3-1: Called Strike
3-2: Foul Ball, location: 2F
3-2: Ground out 1-3 (Groundball, P)
Jesús Román to third
Batting: RHB Zong-yuan Fung 0-0: Ball
1-0: Called Strike
1-1: Ball
2-1: Ball
3-1: Base on Balls
Batting: LHB César Muńóz 0-0: Ball
1-0: Ball
2-0: SINGLE (Groundball, 56D)
Jesús Román scores
Zong-yuan Fung to second
Batting: RHB Ramiro Gonzáles 0-0: Ball
1-0: Called Strike
1-1: Fielders Choice at 2nd, 6-4 (Groundball, 6)
Bottom of the 7th over - 1 run, 2 hits, 0 errors, 2 left on base; Sunset District 1 - Pure Michigan 3
TOP OF THE 8TH
Sunset District Fog batting - Pitching for Pure Michigan Great Lakers : RHP José López
Batting: RHB Colin O'Connell 0-0: Swinging Strike
0-1: Ball
1-1: Ball
2-1: TRIPLE (Flyball, 89XD)
Batting: RHB Alfonso Nazario 0-0: Ball
1-0: Foul Ball, location: 2F
1-1: Swinging Strike
1-2: Foul Ball, location: 2F
1-2: Strikes out looking
Batting: LHB Armando Carmona 0-0: Ball
1-0: Ground out 4-3 (Groundball, 4)
Batting: RHB Jud Regan 0-0: Called Strike
0-1: Ball
Wild Pitch!
Colin O'Connell scores
1-1: Foul Ball, location: 2F
1-2: Foul Ball, location: 2F
1-2: Foul Ball, location: 2F
1-2: Ball
2-2: Foul Ball, location: 2F
2-2: Ball
3-2: Foul Ball, location: 2F
3-2: Foul Ball, location: 2F
3-2: Base on Balls
Batting: SHB José Rico 0-0: Ball
1-0: Called Strike
1-1: Called Strike
1-2: Ball
2-2: Ball
3-2: Fly out, F4 (Popup, 4MS)
Top of the 8th over - 1 run, 1 hit, 0 errors, 1 left on base; Sunset District 2 - Pure Michigan 3
BOTTOM OF THE 8TH
Pure Michigan Great Lakers batting - Pitching for Sunset District Fog : RHP Artie Best
Batting: LHB Yoichibei Sato 0-0: Called Strike
0-1: Ball
1-1: Foul Ball, location: 2F
1-2: Fly out, F7 (Line Drive, 7S)
Batting: RHB Martín Alejadre 0-0: Ball
1-0: Called Strike
1-1: Ball
2-1: Ball
3-1: Foul Ball, location: 2F
3-2: Base on Balls
Batting: LHB Josh Platt 0-0: Called Strike
0-1: Ball
1-1: Ball
2-1: Ball
3-1: Called Strike
3-2: SINGLE (Line Drive, 56)
Martín Alejadre to second
Pitching: RHP Ricardo DePay
Batting: SHB Jesús Román 0-0: Ball
1-0: Foul Ball, location: 2F
1-1: Foul Ball, location: 2F
1-2: Ball
2-2: Ball
3-2: DOUBLE (Line Drive, 5D)
Martín Alejadre scores
Josh Platt to third
Runner from 3rd tries for Home, SAFE, no throw
Batting: RHB Kenneth Noid 0-0: Foul Ball, location: 2F
0-1: Ball
1-1: Foul Ball, location: 2F
1-2: Ball
2-2: Fly out, F8 (Flyball, 8RS)
Batting: LHB Floyd Long 0-0: Called Strike
0-1: Swinging Strike
0-2: Ball
1-2: Ball
2-2: Strikes out swinging
Bottom of the 8th over - 2 runs, 2 hits, 0 errors, 1 left on base; Sunset District 2 - Pure Michigan 5
TOP OF THE 9TH
Sunset District Fog batting - Pitching for Pure Michigan Great Lakers : RHP José López
Pitching: LHP I-tsing Ts'ong
Batting: SHB José Ángel 0-0: Ball
1-0: Foul Ball, location: 2F
1-1: SOLO HOME RUN (Flyball, 78XD), Distance : 436 ft
Batting: SHB Esteban Lugo 0-0: Foul Ball, location: 2F
0-1: Foul Ball, location: 2F
0-2: Strikes out swinging
Batting: SHB Orlando Villa 0-0: Called Strike
0-1: Ball
1-1: Ball
2-1: Foul Ball, location: 2F
2-2: Strikes out swinging
Batting: RHB Yehonatan Chazan 0-0: Foul Ball, location: 2F
0-1: Foul Ball, location: 2F
0-2: Ball
1-2: Ground out 6-3 (Groundball, 6S)
Top of the 9th over - 1 run, 1 hit, 0 errors, 0 left on base; Sunset District 3 - Pure Michigan 5
Sunday, March 18th, 2018 - OOTP Baseball 18.8 Build 76